 Dungeon Crawl Stone Soup version 0.26-a0-812-g31a745ddcd (webtiles) character file.

Game seed: 16993462080191687484

59 kae the Insei (level 4, 0/25 HPs)
             Began as a Tengu Transmuter on Nov 20, 2020.
             Slain by an orc priest (3 damage)
             ... on level 3 of the Dungeon.
             The game lasted 00:01:02 (2802 turns).

kae the Insei (Tengu Transmuter)                    Turns: 2802, Time: 00:01:03

Health: 0/25       AC:  2    Str: 11    XL:     4   Next: 3%
Magic:  8/8        EV: 13    Int: 13    God:
Gold:   82         SH:  0    Dex: 15    Spells: 6/7 levels left

rFire    . . .     SeeInvis .     - Unarmed
rCold    . . .     Faith    .   (no shield)
rNeg     . . .     Spirit   .   a - +0 robe
rPois    .         Reflect  .   (helmet restricted)
rElec    .         Harm     .   (no cloak)
rCorr    .         Rampage  .   (no gloves)
MR       +....                  (boots unavailable)
Stlth    +.........             (no amulet)
HPRegen  0.08/turn              c - ring of protection from magic
MPRegen  0.11/turn              (no ring)

@: no status effects
A: beak, talons 3
a: no special abilities


You were on level 3 of the Dungeon.
You visited 1 branch of the dungeon, and saw 3 of its levels.

You collected 82 gold pieces.

Inventory:

Armour
 a - a +0 robe (worn)
Jewellery
 c - a ring of protection from magic (left hand)
Scrolls
 b - a scroll of amnesia {unknown}
 d - 4 scrolls of identify {unknown}
 e - a scroll of enchant weapon {unknown}
 g - 4 scrolls of teleportation {unknown}
 i - 3 scrolls of magic mapping {unknown}
Potions
 f - a potion of brilliance {unknown}
 h - a potion of ambrosia {unknown}
 j - a potion of degeneration {unknown}


   Skills:
 + Level 1.3 Fighting
 + Level 1.0 Armour
 + Level 2.6 Dodging
 * Level 3.9 Unarmed Combat
 + Level 2.2 Spellcasting
 * Level 2.2 Transmutations


You had 6 spell levels left.
You knew the following spells:

 Your Spells              Type           Power        Failure   Level
a - Beastly Appendage     Tmut           #.....       10%         1

Your spell library contained the following spells:

 Spells                   Type           Power        Failure   Level
 Wereblood                Tmut           #.......     16%         2
 Spider Form              Tmut/Pois      #.........   43%         3
 Ice Form                 Ice/Tmut       #.......     83%         4
 Blade Hands              Tmut           #.........   95%         5


Dungeon Overview and Level Annotations

Branches:
Dungeon (3/15)

Altars:
Qazlal
Zin


Innate Abilities, Weirdness & Mutations

You have a beak for a mouth.
You have claws for feet.


Message History

Ouch! That really hurt!
You hear a shout!
You are too injured to fight recklessly!
You are too injured to fight recklessly!
You are too injured to fight recklessly!
You are too injured to fight recklessly!
You are too injured to fight recklessly!
You are too injured to fight recklessly!
You barely miss the orc priest. Your kick misses the orc priest.
You hear a shout!
An orc comes into view. It is wielding a +0 mace.
The orc priest misses you.
You closely miss the orc priest. Your peck misses the orc priest.
The orc priest mumbles some strange prayers to Beogh against you.
Beogh smites you!
* * * LOW HITPOINT WARNING * * *
You hit the orc priest.
The orc priest is moderately wounded.
The orc priest hits you.
You die...

#((...#.#
#####.#.#
##......#
#...#.###
#.......#
#..<..#.#
#.#######.#
##..o....#.#
......o@..>#
..#.#......#
#.##.#.# #.
#.#.# #
#.#.# #.#.#
..#.# ###.#


You could see an orc priest and an orc.

Vanquished Creatures
  An ooze (D:1)
  A worm (D:2)
  3 dart slugs
  2 leopard geckos (D:1)
  5 orcs (D:2)
  4 bats
  A giant cockroach (D:2)
  4 hobgoblins (D:1)
  2 frilled lizards
  7 goblins
  2 kobolds
  6 rats
38 creatures vanquished.

Notes
Turn   | Place    | Note
-------+----------+-------------------------------------------
     0 | D:1      | kae the Tengu Transmuter began the quest for the Orb.
     0 | D:1      | Reached XP level 1. HP: 12/12 MP: 4/4
    49 | D:1      | Reached XP level 2. HP: 5/16 MP: 4/6
   863 | D:1      | Reached XP level 3. HP: 6/20 MP: 5/7
  1403 | D:2      | Found a stormy altar of Qazlal.
  2019 | D:2      | Found a glowing silver altar of Zin.
  2213 | D:2      | Reached skill level 1 in Armour
  2228 | D:2      | Reached XP level 4. HP: 8/25 MP: 8/8
  2802 | D:3      | Slain by an orc priest

Illustrated notes

Levels and vault maps discovered:
D:1:      eino_arrival_cavern_e, layout_basic, serial_bayou_ford_a,
          minmay_tetromino_i4
D:2:      layout_loops_ring, nicolae_overflow_crystal_walls,
          chequers_mini_garden, grunt_qazlal_clouds
D:3:      layout_basic, minmay_fractal_squares_gapless_5

Skill      XL: |  1  2  3 |
---------------+----------+-----
Transmutations | 2 |  2.2
Armour         | 1 |  1.0
Fighting       | |  1.3
Dodging        | |  2.6
Unarmed Combat | |  3.9
Spellcasting   | |  2.2

Action                   |  1- 3 |  4- 6 || total
-------------------------+-------+-------++-------
Melee: Unarmed           |   110 |    10 ||   120
       Peck              |    16 |       ||    16
       Kick              |    27 |     2 ||    29
       Headbutt          |     8 |       ||     8
 Cast: Beastly Appendage |    18 |     2 ||    20
  Use: Potion            |     1 |       ||     1
 Stab: Sleeping          |     1 |       ||     1
Armor: Robe              |    10 |     1 ||    11
Dodge: Dodged            |    77 |     8 ||    85

Table legend: (Time is in decaauts)
 A = Elapsed time spent in this place.
 B = Non-inter-level travel time spent in this place.
 C = Inter-level travel time spent in this place.
 D = Time resting spent in this place.
 E = Time spent auto-exploring this place.
 F = Levels seen in this place.
 G = Mean time per level.
                   A        B        C        D        E       F      G
               +--------+--------+--------+--------+--------+-----+--------+
         Total |   2811 |   2772 |     39 |      0 |   2475 |   3 |  937.0 |
       Dungeon |   2811 |   2772 |     39 |      0 |   2475 |   3 |  937.0 |
               +--------+--------+--------+--------+--------+-----+--------+

Top non-repeatable levels by time:
     D:2: 1475 daAuts
     D:1: 1293 daAuts
     D:3: 42 daAuts
